 Dungeon Crawl Stone Soup version 0.29.1-13-g9f3cf754e1 (webtiles) character file.

Game seed: 13590482451521198012

55 Vulpanium the Ducker (level 3, -10/29 HPs)
             Began as a Merfolk Monk on Jan 22, 2023.
             Was a Priest of Qazlal.
             Mangled by GigaChad's ghost (14 damage)
             ... on level 3 of the Dungeon.
             The game lasted 00:06:32 (2027 turns).

Vulpanium the Ducker (Merfolk Monk)                 Turns: 2027, Time: 00:06:32

Health: -10/29     AC:  7    Str: 13    XL:     3   Next: 93%
Magic:  1/4        EV: 11    Int:  9    God:    Qazlal [***...]
Gold:   44         SH:  4    Dex: 22    Spells: 2/2 levels left

rFire   . . .      SeeInvis .   a - +1 hand axe
rCold   . . .      Faith    .   e - orb {light}
rNeg    . . .      Spirit   .   i - +1 scale mail
rPois   .          Reflect  .   (no helmet)
rElec   .          Harm     .   (no cloak)
rCorr   .          Rampage  .   (no gloves)
Will    .....                   (no boots)
Stlth   +.........              (no amulet)
HPRegen 0.09/turn               l - +6 ring of dexterity
MPRegen 0.09/turn               (no ring)

@: glowing
A: (nimble swimmer 2), mertail
a: Renounce Religion, Upheaval, Elemental Force


You were on level 3 of the Dungeon.
You worshipped Qazlal.
Qazlal was most pleased with you.
You visited 1 branch of the dungeon, and saw 3 of its levels.

You collected 44 gold pieces.

Inventory:

Hand Weapons
 a - a +1 hand axe (weapon)
Armour
 e - an orb of light (worn)
 i - a +1 scale mail (worn)
Jewellery
 l - a +6 ring of dexterity (left hand)
Scrolls
 h - 3 scrolls of identify
 j - a scroll of silence
 n - a scroll of acquirement {unknown}
Potions
 b - a potion of resistance {unknown}
 c - a potion of ambrosia
 d - a potion of heal wounds {unknown}
 f - a potion of curing {unknown}
 g - a potion of mutation {unknown}
 k - a potion of flight {unknown}


   Skills:
 + Level 3.5 Fighting
 + Level 2.9 Axes
 * Level 0.7 Armour
 + Level 4.4 Dodging
 - Level 2.1 Stealth
 * Level 1.5 Invocations


You had 2 spell levels left.
You didn't know any spells.
Your spell library contained the following spells:

 Spells                   Type           Power      Damage    Failure   Level
 Dazzling Flash           Conj/Hex       0%         N/A       99%         3
 Animate Dead             Necr           0%         N/A       100%        4
 Iskenderun's Mystic Bla  Conj/Tloc      0%         2d3       100%        4
 Borgnjor's Vile Clutch   Necr/Erth      0%         N/A       100%        5
 Death Channel            Necr           0%         N/A       100%        6
 Starburst                Conj/Fire      0%         6d3       100%        6


Dungeon Overview and Level Annotations

Branches:
Dungeon (3/15)

Altars:
Qazlal

Annotations:
D:3 GigaChad's ghost, amateur MiFi


Innate Abilities, Weirdness & Mutations

((You are very nimble when in or above water. (Stealth+, EV+, Speed+++)))
Your lower body shifts to a powerful aquatic tail in water.


Message History

Qazlal accepts your kill.
You see here a +0 dagger.
Found a runed translucent door.
Found 18 gold pieces.
GigaChad's ghost turns its malevolent gaze towards you.
Okay, then.
You open the door.
Aiming: Upheaval
Press: ? - help, Dir - move target, f - GigaChad's ghost
Aim: GigaChad's ghost (haloed) That beam is likely to hit you.
Continue anyway?
Okay, then.
Aiming: Upheaval
Press: ? - help, Dir - move target, p - GigaChad's ghost A storm cloud blasts the area with cutting wind!
GigaChad's ghost hits you but does no damage.
You hit GigaChad's ghost.
GigaChad's ghost is lightly damaged.
GigaChad's ghost barely misses you.
You completely miss GigaChad's ghost.
GigaChad's ghost is lightly damaged.
GigaChad's ghost hits you.
You hit GigaChad's ghost.
GigaChad's ghost is lightly damaged.
GigaChad's ghost hits you. x2
You hit GigaChad's ghost but do no damage.
GigaChad's ghost is lightly damaged.
GigaChad's ghost hits you!
Ouch! That really hurt!
* * * LOW HITPOINT WARNING * * *
You don't know any spells.
Press: ? - help, v - describe, . - travel The floor.
This square is lit by a halo.
As you read the scroll labelled SOUVIE SUTUNG, it crumbles to dust.
It is a scroll of enchant armour.
Your +0 scale mail glows green for a moment.
GigaChad's ghost hits you but does no damage.
GigaChad's ghost hits you!
You die...

##########
#.....#..##
#$~~~~W...#
#######.....#@..#
#.....########..#
#.<............##
#....)..#....###
#.......#....#
#.......#....#
#............#
.....####.#.###
#.##.## #...#


You could see GigaChad's ghost.

Vanquished Creatures
  An adder (D:2)
  A dart slug (D:1)
  3 bats
  An endoplasm (D:2)
  A giant cockroach (D:2)
  3 goblins
  2 hobgoblins (D:1)
  13 jackals
  3 ball pythons
  2 frilled lizards (D:1)
  5 kobolds
  4 rats
39 creatures vanquished.

Notes
Turn   | Place    | Note
-------+----------+-------------------------------------------
     0 | D:1      | Vulpanium the Merfolk Monk began the quest for the Orb.
     0 | D:1      | Reached XP level 1. HP: 18/18 MP: 1/1
   223 | D:1      | Reached XP level 2. HP: 24/24 MP: 2/2
   237 | D:1      | Found a faded altar of an unknown god.
   534 | D:1      | Prayed at the altar of an unknown god.
   534 | D:1      | Became a worshipper of Qazlal Stormbringer
   534 | D:1      | Reached * piety under Qazlal
   534 | D:1      | Reached ** piety under Qazlal
   760 | D:1      | Reached XP level 3. HP: 29/29 MP: 3/3
   898 | D:1      | Reached *** piety under Qazlal
  1253 | D:2      | Reached skill level 1 in Invocations
  2015 | D:3      | Found a runed translucent door.
  2016 | D:3      | Noticed GigaChad's ghost (amateur MiFi)
  2027 | D:3      | Mangled by GigaChad's ghost

Illustrated notes

Levels and vault maps discovered:
D:1:      tarquinn_simple_flora_water_e, layout_rooms,
          nicolae_ecumenical_snake_handling, fountainhead,
          minmay_misc_feat_cross
D:2:      layout_basic, serial_park_tiny_pond, dreamdust_princess_bridge
D:3:      layout_rooms, mainiacjoe_overflow_alcove_1,
          ebering_ghost_reflecting_pool, minmay_stone_trees_large,
          kennysheep_crisscross, hangedman_feature_mirror,
          hangedman_decor_lopped, nicolae_figureground_sparkle

Skill      XL: |  1  2  3 |
---------------+----------+-----
Invocations    | 1 |  1.5
Fighting       | |  3.5
Axes           | |  2.9
Armour         | |  0.7
Dodging        | |  4.4
Stealth        | |  2.1

Action                   || total
-------------------------++-------
Melee: Hand axe          ||    94
       Tailslap          ||     1
Invok: Upheaval          ||     1
  Use: Scroll            ||     3
Armor: Robe              ||    16
       Scale mail        ||    28
Dodge: Dodged            ||    90
Block: Orb               ||    12
